PIO (24 & UNDER)
EAU CLAIRE ESQUIRES @ SASKATOON SMOKIN' GUNS
09/05/2028
 
TOP OF THE 1ST
Eau Claire Esquires batting - Pitching for Saskatoon Smokin' Guns : RHP Dusty Smith
Pitching: RHP Dusty Smith
Batting: LHB Brian Easdale 0-0: Called Strike
0-1: Ball
1-1: SINGLE (Line Drive, 34D)
Batting: SHB Darren Campbell 0-0: Ball
1-0: Ground out U3 (Groundball, 34)
Brian Easdale to second
Batting: RHB Glen French 0-0: Ball
1-0: Ground out 6-3 (Groundball, 6S)
Brian Easdale to third
Batting: LHB Johnny Foley 0-0: Ball
1-0: Ground out 6-3 (Groundball, 6M)
Top of the 1st over - 0 run(s), 1 hit(s), 0 error(s), 1 left on base; Eau Claire 0 - Saskatoon 0
BOTTOM OF THE 1ST
Saskatoon Smokin' Guns batting - Pitching for Eau Claire Esquires : RHP Tom Emery
Pitching: RHP Tom Emery
Batting: RHB Pedro Cabrera 0-0: Ball
1-0: Ground out 6-3 (Groundball, 6)
Batting: RHB Julián García 0-0: Ball
1-0: Foul Ball, location: 2F
1-1: Ground out 5-3 (Groundball, 56S)
Batting: LHB Bo Rush 0-0: Called Strike
0-1: Fly out, F9 (Flyball, 9S)
Bottom of the 1st over - 0 run(s), 0 hit(s), 0 error(s), 0 left on base; Eau Claire 0 - Saskatoon 0
TOP OF THE 2ND
Eau Claire Esquires batting - Pitching for Saskatoon Smokin' Guns : RHP Dusty Smith
Batting: RHB Jorge Garza 0-0: Ground out 5-3 (Groundball, 56S)
Batting: RHB Chet White 0-0: Foul Ball, location: 2F
0-1: Ball
1-1: Fly out, F7 (Flyball, 78M)
Batting: RHB Juan Martínez 0-0: Called Strike
0-1: Foul Ball, location: 2F
0-2: Strikes out swinging
Top of the 2nd over - 0 run(s), 0 hit(s), 0 error(s), 0 left on base; Eau Claire 0 - Saskatoon 0
BOTTOM OF THE 2ND
Saskatoon Smokin' Guns batting - Pitching for Eau Claire Esquires : RHP Tom Emery
Batting: RHB Rafael Gonzáles 0-0: Called Strike
0-1: Ball
1-1: Ground out 1-3 (Groundball, 13S)
Batting: LHB José Domínguez 0-0: Ball
1-0: SINGLE (Line Drive, 4M)
Batting: RHB Joaquín Luna 0-0: Called Strike
0-1: Foul Ball, location: 2F
0-2: Ball
1-2: Ball
2-2: Ball
3-2: Foul Ball, location: 2F
3-2: Fielders Choice at 2nd, 4-6 (Groundball, 4)
Batting: RHB Johnny Hawson 0-0: Called Strike
0-1: Called Strike
0-2: Ball
1-2: DOUBLE (Line Drive, 89D)
Joaquín Luna to third
Runner from 3rd tries for Home, throw and OUT!
Bottom of the 2nd over - 0 run(s), 2 hit(s), 0 error(s), 1 left on base; Eau Claire 0 - Saskatoon 0
TOP OF THE 3RD
Eau Claire Esquires batting - Pitching for Saskatoon Smokin' Guns : RHP Dusty Smith
Batting: RHB Luis Cherena 0-0: Ball
1-0: Swinging Strike
1-1: Foul Ball, location: 2F
1-2: Ball
2-2: Strikes out looking
Batting: LHB Lorenzo Vargas 0-0: Foul Ball, location: 2F
0-1: Called Strike
0-2: Ball
1-2: Strikes out swinging
Batting: LHB Brian Easdale 0-0: Ground out 6-3 (Groundball, 6)
Top of the 3rd over - 0 run(s), 0 hit(s), 0 error(s), 0 left on base; Eau Claire 0 - Saskatoon 0
BOTTOM OF THE 3RD
Saskatoon Smokin' Guns batting - Pitching for Eau Claire Esquires : RHP Tom Emery
Batting: RHB Justin Geoghegan 0-0: Ball
1-0: Foul Ball, location: 2F
1-1: Foul Ball, location: 2F
1-2: Strikes out swinging
Batting: RHB Artie Turner 0-0: Ball
1-0: SOLO HOME RUN (Flyball, 7D), Distance : 434 ft
Batting: RHB Pedro Cabrera 0-0: Ball
1-0: Fly out, F9 (Line Drive, 9)
Batting: RHB Julián García 0-0: Ball
1-0: Ball
2-0: Foul Ball, location: 2F
2-1: Ball
3-1: TRIPLE (Flyball, 89D)
Batting: LHB Bo Rush 0-0: Ball
1-0: Ball
2-0: Foul Ball, location: 2F
2-1: Ball
3-1: Foul Ball, location: 2F
3-2: Fly out, F7 (Flyball, 7D)
Bottom of the 3rd over - 1 run(s), 2 hit(s), 0 error(s), 1 left on base; Eau Claire 0 - Saskatoon 1
TOP OF THE 4TH
Eau Claire Esquires batting - Pitching for Saskatoon Smokin' Guns : RHP Dusty Smith
Batting: SHB Darren Campbell 0-0: Ball
1-0: Ball
2-0: Swinging Strike
2-1: Ball
3-1: Fly out, F7 (Flyball, 7S)
Batting: RHB Glen French 0-0: Ball
1-0: Ball
2-0: Ball
3-0: Base on Balls
Batting: LHB Johnny Foley 0-0: Ball
1-0: Swinging Strike
1-1: Foul Ball, location: 2F
1-2: Ball
2-2: SINGLE (Line Drive, 9S)
Glen French to second
Glen French to third
Batting: RHB Jorge Garza 0-0: Ball
1-0: SINGLE (Line Drive, 89S)
Glen French scores
Johnny Foley to second
Runner from 2nd tries for 3rd, SAFE, throw made to third
Jorge Garza to second
Batting: RHB Chet White 0-0: SINGLE (Line Drive, 6M)
Johnny Foley scores
Jorge Garza to third
Batting: RHB Juan Martínez 0-0: Ball
1-0: Foul Ball, location: 2F
1-1: Ball
2-1: Swinging Strike
2-2: Fly out, F8 (Flyball, 8RD)
Runner from 3rd tags up, SCORES, no throw
Batting: RHB Luis Cherena 0-0: Called Strike
0-1: SINGLE (Line Drive, 7S)
Chet White to second
Batting: LHB Lorenzo Vargas 0-0: Swinging Strike
0-1: Ball
1-1: Fly out, F8 (Flyball, 89XD)
Top of the 4th over - 3 run(s), 4 hit(s), 0 error(s), 2 left on base; Eau Claire 3 - Saskatoon 1
BOTTOM OF THE 4TH
Saskatoon Smokin' Guns batting - Pitching for Eau Claire Esquires : RHP Tom Emery
Batting: RHB Rafael Gonzáles 0-0: Ball
1-0: Ball
2-0: Ball
3-0: Base on Balls
Batting: LHB José Domínguez 0-0: Swinging Strike
0-1: Ball
1-1: Called Strike
1-2: Strikes out swinging
Rafael Gonzáles steals 2nd base
Batter strikes out.
Batting: RHB Joaquín Luna 0-0: SINGLE (Line Drive, 9S)
Rafael Gonzáles to third
Batting: RHB Johnny Hawson 0-0: Ball
1-0: Swinging Strike
1-1: Grounds into double play, 5-4-3 (Groundball, 56)
Bottom of the 4th over - 0 run(s), 1 hit(s), 0 error(s), 1 left on base; Eau Claire 3 - Saskatoon 1
TOP OF THE 5TH
Eau Claire Esquires batting - Pitching for Saskatoon Smokin' Guns : RHP Dusty Smith
Batting: LHB Brian Easdale 0-0: Swinging Strike
0-1: Called Strike
0-2: Ball
1-2: SINGLE (Groundball, 4MD)
Batting: SHB Darren Campbell 0-0: Fielders Choice at 2nd, 1-6 (Groundball, 13)
Batting: RHB Glen French 0-0: Ball
1-0: Called Strike
1-1: Ball
2-1: Fly out, F6 (Line Drive, 6)
Batting: LHB Johnny Foley 0-0: Called Strike
0-1: SINGLE (Groundball, 4MD)
Darren Campbell to second
Runner from 2nd tries for 3rd, SAFE, no throw
Batting: RHB Jorge Garza 0-0: Ball
1-0: Swinging Strike
1-1: Ball
2-1: Called Strike
2-2: Foul Ball, location: 2F
2-2: SINGLE (Line Drive, 8LM)
Darren Campbell scores
Johnny Foley to second
Runner from 2nd tries for 3rd, SAFE, no throw
Batting: RHB Chet White 0-0: Ball
1-0: Called Strike
1-1: DOUBLE (Groundball, 5L)
Johnny Foley scores
Jorge Garza to third
Runner from 3rd tries for Home, throw and OUT!
Top of the 5th over - 2 run(s), 4 hit(s), 0 error(s), 1 left on base; Eau Claire 5 - Saskatoon 1
BOTTOM OF THE 5TH
Saskatoon Smokin' Guns batting - Pitching for Eau Claire Esquires : RHP Tom Emery
Now at C: Terry Perkins
Batting: RHB Justin Geoghegan 0-0: Ball
1-0: Foul Ball, location: 2F
1-1: Fly out, F4 (Popup, 3D)
Batting: RHB Artie Turner 0-0: Ball
1-0: Swinging Strike
1-1: Ball
2-1: Fly out, F7 (Flyball, 7)
Batting: RHB Pedro Cabrera 0-0: Called Strike
0-1: Swinging Strike
0-2: DOUBLE (Line Drive, 7LM)
Batting: RHB Julián García 0-0: Ball
1-0: Ball
2-0: Ball
3-0: Base on Balls
Batting: LHB Bo Rush 0-0: Ball
1-0: Called Strike
1-1: Ball
2-1: Ball
3-1: Base on Balls
Pedro Cabrera to third
Julián García to second
Batting: RHB Rafael Gonzáles 0-0: Foul Ball, location: 2F
0-1: Fielders Choice at 2nd, 4-6 (Groundball, 4)
Bottom of the 5th over - 0 run(s), 1 hit(s), 0 error(s), 2 left on base; Eau Claire 5 - Saskatoon 1
TOP OF THE 6TH
Eau Claire Esquires batting - Pitching for Saskatoon Smokin' Guns : RHP Dusty Smith
Pitching: RHP Artie Smith
Batting: RHB Juan Martínez 0-0: Foul Ball, location: 2F
0-1: Ball
1-1: Called Strike
1-2: Strikes out looking
Batting: RHB Luis Cherena 0-0: Called Strike
0-1: Ball
1-1: Swinging Strike
1-2: Strikes out swinging
Batting: LHB Lorenzo Vargas 0-0: Ground out 4-3 (Groundball, 4)
Top of the 6th over - 0 run(s), 0 hit(s), 0 error(s), 0 left on base; Eau Claire 5 - Saskatoon 1
BOTTOM OF THE 6TH
Saskatoon Smokin' Guns batting - Pitching for Eau Claire Esquires : RHP Tom Emery
Batting: LHB José Domínguez 0-0: Called Strike
0-1: Swinging Strike
0-2: Ball
1-2: Foul Ball, location: 2F
1-2: Foul Ball, location: 2F
1-2: Hit by Pitch
Pitching: RHP Tim Horton
Batting: RHB Joaquín Luna 0-0: Swinging Strike
0-1: Ball
1-1: Ball
2-1: Swinging Strike
2-2: Strikes out swinging
Batting: RHB Johnny Hawson 0-0: Swinging Strike
0-1: Ball
1-1: Foul Ball, location: 2F
1-2: Ball
2-2: DOUBLE (Line Drive, 7LM)
José Domínguez to third
Batting: RHB Justin Geoghegan 0-0: Ball
1-0: Called Strike
1-1: Ball
2-1: Ground out 5-3 (Groundball, 5)
Batting: RHB Artie Turner 0-0: Ball
1-0: Ball
2-0: Foul Ball, location: 2F
2-1: Ball
3-1: Base on Balls
Batting: RHB Pedro Cabrera 0-0: Ball
Wild Pitch!
José Domínguez scores
Johnny Hawson to third
Artie Turner to second
1-0: Called Strike
1-1: Ball
2-1: Ground out 5-3 (Groundball, 56)
Bottom of the 6th over - 1 run(s), 1 hit(s), 0 error(s), 2 left on base; Eau Claire 5 - Saskatoon 2
TOP OF THE 7TH
Eau Claire Esquires batting - Pitching for Saskatoon Smokin' Guns : RHP Artie Smith
Batting: LHB Brian Easdale 0-0: Ball
1-0: SINGLE (Line Drive, 34D)
Batting: SHB Darren Campbell 0-0: Sac Bunt - play at first, batter OUT! 1-3
Brian Easdale to second
Batting: RHB Glen French 0-0: Ball
1-0: Swinging Strike
1-1: Called Strike
1-2: Fly out, F9 (Flyball, 9LS)
Batting: LHB Johnny Foley 0-0: Ball
1-0: Ball
2-0: Called Strike
2-1: Ball
3-1: Base on Balls
Batting: RHB Jorge Garza 0-0: Foul Ball, location: 2F
0-1: Swinging Strike
0-2: Foul Ball, location: 2F
0-2: Ball
1-2: Strikes out swinging
Top of the 7th over - 0 run(s), 1 hit(s), 0 error(s), 2 left on base; Eau Claire 5 - Saskatoon 2
BOTTOM OF THE 7TH
Saskatoon Smokin' Guns batting - Pitching for Eau Claire Esquires : RHP Tim Horton
Batting: RHB Julián García 0-0: Ball
1-0: Called Strike
1-1: Foul Ball, location: 2F
1-2: Ball
2-2: Reached on error, E6 (Groundball, 6M)
Batting: LHB Bo Rush 0-0: Called Strike
Julián García steals 3rd base
0-1: Swinging Strike
0-2: Strikes out swinging
Batting: RHB Rafael Gonzáles 0-0: Called Strike
0-1: Foul Ball, location: 2F
0-2: Ball
1-2: Strikes out swinging
Batting: LHB José Domínguez 0-0: Ball
1-0: Called Strike
1-1: Reaches on Catchers interference
Batting: RHB Joaquín Luna 0-0: Called Strike
0-1: Called Strike
0-2: Ball
1-2: Fly out, F8 (Flyball, 8RD)
Bottom of the 7th over - 0 run(s), 0 hit(s), 2 error(s), 2 left on base; Eau Claire 5 - Saskatoon 2
TOP OF THE 8TH
Eau Claire Esquires batting - Pitching for Saskatoon Smokin' Guns : RHP Artie Smith
Batting: RHB Terry Perkins 0-0: Ball
1-0: Ball
2-0: Ball
3-0: Called Strike
3-1: Base on Balls
Batting: RHB Juan Martínez 0-0: Called Strike
0-1: Foul Ball, location: 2F
0-2: Ball
1-2: Strikes out looking
Batting: RHB Luis Cherena 0-0: Swinging Strike
0-1: Called Strike
0-2: Foul Ball, location: 2F
0-2: Ball
1-2: Strikes out swinging
Batting: LHB Lorenzo Vargas 0-0: Ball
1-0: Fly out, F9 (Flyball, 9)
Top of the 8th over - 0 run(s), 0 hit(s), 0 error(s), 1 left on base; Eau Claire 5 - Saskatoon 2
BOTTOM OF THE 8TH
Saskatoon Smokin' Guns batting - Pitching for Eau Claire Esquires : RHP Tim Horton
Batting: RHB Johnny Hawson 0-0: Ball
1-0: Ground out 6-3 (Groundball, 6)
Batting: RHB Justin Geoghegan 0-0: Ground out 5-3 (Groundball, 56)
Batting: RHB Artie Turner 0-0: Called Strike
0-1: Swinging Strike
0-2: Fly out, F4 (Popup, 4D)
Bottom of the 8th over - 0 run(s), 0 hit(s), 0 error(s), 0 left on base; Eau Claire 5 - Saskatoon 2
TOP OF THE 9TH
Eau Claire Esquires batting - Pitching for Saskatoon Smokin' Guns : RHP Artie Smith
Batting: LHB Brian Easdale 0-0: Ball
1-0: Ball
2-0: Ball
3-0: Base on Balls
Batting: SHB Darren Campbell 0-0: Called Strike
0-1: Ball
1-1: Ball
2-1: Bunted foul
2-2: SINGLE (Groundball, 4) (infield hit)
Brian Easdale to second
Batting: RHB Glen French 0-0: Ball
1-0: Ball
2-0: Called Strike
2-1: Ball
3-1: Base on Balls
Brian Easdale to third
Darren Campbell to second
Pinch Hitting: LHB António Chávez 0-0: Foul Ball, location: 2F
0-1: Ball
1-1: Ball
2-1: Ball
3-1: Foul Ball, location: 2F
3-2: Base on Balls
Brian Easdale scores
Darren Campbell to third
Glen French to second
Batting: RHB Jorge Garza 0-0: Ball
1-0: Called Strike
1-1: Swinging Strike
1-2: Foul Ball, location: 2F
1-2: Foul Ball, location: 2F
1-2: Ball
2-2: Fielders Choice at 2nd, 3-6 (Groundball, 34)
Darren Campbell scores
Glen French to third
Pitching: RHP Julián García
Batting: RHB Terry Perkins 0-0: Ball
1-0: Ball
2-0: Ball
3-0: Base on Balls
Jorge Garza to second
Batting: RHB Juan Martínez 0-0: Foul Ball, location: 2F
0-1: Foul Ball, location: 2F
0-2: GRAND SLAM HOME RUN (Flyball, 78XD), Distance : 452 ft
Batting: RHB Luis Cherena 0-0: SINGLE (Groundball, 6D)
Batting: LHB Lorenzo Vargas 0-0: Ball
1-0: Called Strike
1-1: Foul Ball, location: 2F
1-2: Fly out, F4 (Popup, 4)
Batting: LHB Brian Easdale 0-0: Ball
1-0: Foul Ball, location: 2F
1-1: Ball
2-1: Swinging Strike
2-2: Ball
3-2: Foul Ball, location: 2F
3-2: Strikes out swinging
Top of the 9th over - 6 run(s), 3 hit(s), 0 error(s), 1 left on base; Eau Claire 11 - Saskatoon 2
BOTTOM OF THE 9TH
Saskatoon Smokin' Guns batting - Pitching for Eau Claire Esquires : RHP Tim Horton
Now at 2B: Kyle McIntyre
Now in LF: Jackson Smith
Now in CF: Jason Smith
Batting: RHB Pedro Cabrera 0-0: Foul Ball, location: 2F
0-1: Ball
1-1: Fly out, F7 (Flyball, 7LM)
Pitching: LHP Tom Hale
Batting: RHB Julián García 0-0: Called Strike
0-1: Called Strike
0-2: Foul Ball, location: 2F
0-2: Ground out 5-3 (Groundball, 56)
Batting: LHB Bo Rush 0-0: Ball
1-0: Ball
2-0: Ball
3-0: Base on Balls
Batting: RHB Rafael Gonzáles 0-0: Called Strike
0-1: Swinging Strike
0-2: Ball
1-2: Foul Ball, location: 2F
1-2: Strikes out looking
Bottom of the 9th over - 0 run(s), 0 hit(s), 0 error(s), 1 left on base; Eau Claire 11 - Saskatoon 2
Tuesday, August 8th, 2017 - OOTP Baseball 17.12 Build 75